 Dungeon Crawl Stone Soup version 0.16-a0-51-g3cd7026 (webtiles) character file.

14 PolkaDot the Vexing (level 2, -2/19 HPs)
             Began as a Vampire Enchanter on Aug 6, 2014.
             Slain by a gnoll
             ... wielding a +0 spear
              (8 damage)
             ... on Level 2 of the Dungeon.
             The game lasted 00:03:18 (1358 turns).

PolkaDot the Vexing (Vampire Enchanter)             Turns: 1358, Time: 00:03:18

HP  -2/19        AC  3     Str  7      XL: 2   Next: 27%
MP   2/4         EV 12     Int 17      God:
Gold 62          SH  0     Dex 14      Spells:  2 memorised,  2 levels left

rFire  . . .     SeeInvis +     a - +1 dagger
rCold  + . .     Clarity  .     b - +1 robe
rNeg   + + .     rCorr    .     (no shield)
rPois  +         rRot     +     (no helmet)
rElec  .         Spirit   .     (no cloak)
SustAb .         Warding  .     (no gloves)
rMut   .         Stasis   .     (no boots)
Gourm  .                        (no amulet)
MR     .....                    (no ring)
                                f - ring of poison resistance

@: regenerating slowly, not resistant to hostile enchantments, fairly stealthy
A: fangs 3, see invisible, unbreathing
a: no special abilities


You were on level 2 of the Dungeon.
You were very thirsty.

You visited 1 branch of the dungeon, and saw 2 of its levels.

You collected 62 gold pieces.

Inventory:

Hand weapons
 a - a +1 dagger (weapon)
Armour
 b - a +1 robe (worn)
Scrolls
 g - a scroll of enchant armour {unknown}
 h - a scroll of remove curse {unknown}
 j - a scroll of teleportation {unknown}
 k - a scroll of recharging {unknown}
Jewellery
 f - a ring of poison resistance (left hand)
Potions
 d - a potion of blood {@w2}
 i - a potion of resistance {unknown}
 l - a potion of cure mutation {unknown}
 m - a potion of brilliance {unknown}
Books
 c - a book of Maledictions

   Spells                             Type                      Level
   *Corona                            Hexes                        1
   Sure Blade                         Hexes/Charms                 2
   *Ensorcelled Hibernation           Hexes/Ice                    2
   Confuse                            Hexes                        3
   Dazzling Spray                     Conjuration/Hexes            3
   Enslavement                        Hexes                        4
 n - a book of the Sky

   Spells                             Type                      Level
   Flight                             Charms/Air                   3
   Airstrike                          Air                          4
   Silence                            Hexes/Air                    5
   Deflect Missiles                   Charms/Air                   6
   Conjure Ball Lightning             Conjuration/Air              6
   Tornado                            Air                          9


   Skills:
 - Level 2.3 Short Blades
 - Level 2.1 Dodging
 - Level 4.4 Stealth
 - Level 2.0 Spellcasting
 - Level 4.4 Hexes
 * Level 0.6 Ice Magic


You had 2 spell levels left.
You knew the following spells:

 Your Spells              Type           Power        Failure   Level  Hunger
a - Corona                Hex            ###....      3%          1    #......
d - Ensorcelled Hibernat  Hex/Ice        ##....       12%         2    ###....


Dungeon Overview and Level Annotations

Branches:
Dungeon (2/15)

Altars:


Innate Abilities, Weirdness & Mutations

You heal slowly.
You have razor-sharp teeth.
You have supernaturally acute eyesight.
You can survive without breathing.


Message History

The goblin shouts!
A kobold opens the door.
You are feeling very thirsty.
Drink which item? (? for menu, Esc to quit)
You feel better.
Casting: Ensorcelled Hibernation
Confirm with . or Enter, or press ? or * to list all spells.
Aiming: Ensorcelled Hibernation
Press: ? - help, Shift-Dir - straight line, f - goblin
Aim: a goblin, wielding a club The goblin resists with significant effort.
* * * LOW MAGIC WARNING * * *
The goblin hits you with a club.
The gnoll hits you from afar with a spear.
* * * LOW HITPOINT WARNING * * *
You see here 10 gold pieces.
There is a stone staircase leading up here.
The goblin hits you but does no damage.
The gnoll hits you from afar with a spear!
You die...

.. #...# #.#..#.#..... +...+
##.#..#.#.?.... #...#
..#.#(..........# #.###
#.#.##.#......g... #K#
#.#....+.........g #$#
.####.#.......... #. #.# ..#
#.#.......... ###...#.######.#
#.#..........
#.........K.gg@.#
#.#..........
.##.....######.###........####
+.>...# #..##.##.....#
#.....#######.##.##.....##
#.#+#.#.......##.##..g...# ..
#.#.####...#.##......# #.#
#.#(#.##..g.#.## #.#
#.#...##.g..#..# .
#.##..##....#..##


You could see a gnoll, a goblin and a kobold.

Vanquished Creatures
  A giant gecko (D:2)
  A bat (D:1)
  2 goblins (D:1)
  2 hobgoblins
  A giant newt (D:1)
  3 kobolds (D:1)
  2 rats
12 creatures vanquished.

Notes
Turn   | Place    | Note
--------------------------------------------------------------
     0 | D:1      | PolkaDot, the Vampire Enchanter, began the quest for the Orb.
     0 | D:1      | Reached XP level 1. HP: 13/13 MP: 3/3
   813 | D:1      | Reached XP level 2. HP: 2/19 MP: 2/4
  1086 | D:1      | Learned a level 2 spell: Ensorcelled Hibernation
  1358 | D:2      | Slain by a gnoll

Action                   || total
-------------------------++-------
Melee: Dagger            ||    43
 Cast: Corona            ||     7
       Ensorcelled Hiber ||     4
  Use: Potion            ||     2
 Stab: Sleeping          ||     2
